 Dungeon Crawl Stone Soup version 0.19.4-9-g45fd643 (webtiles) character file.

6196 JeffiDaFish the Tainter (level 10, -5/53 HPs)
             Began as a Gargoyle Venom Mage on Feb 18, 2017.
             Was a Follower of Sif Muna.
             Slain by a hornet (6 damage)
             ... on level 9 of the Dungeon.
             The game lasted 00:33:16 (7667 turns).

JeffiDaFish the Tainter (Gargoyle Venom Mage)       Turns: 7667, Time: 00:33:16

Health: -5/53      AC: 18    Str: 12    XL:     10   Next: 91%
Magic:  2/21       EV: 15    Int: 18    God:    Sif Muna [*.....]
Gold:   379        SH:  0    Dex: 15    Spells: 4 memorised, 10 levels left

rFire  . . .     SeeInvis .     l - +1 long sword
rCold  . . .     Gourm    +     t - +1 robe "Yxiwej" {Dex+2}
rNeg   + . .     Faith    .     (no shield)
rPois  ∞         Spirit   .     m - +0 helmet
rElec  +         Reflect  .     s - +0 cloak
rCorr  .         Harm     .     (no gloves)
MR     .....                    e - +0 pair of boots
Stlth  +++.......               u - amulet of the gourmand
                                (no ring)
                                g - +5 ring of protection

@: no status effects
A: clever 1, frail 1, negative energy resistance 1, electricity resistance,
unbreathing, petrification resistance, rot immunity, AC +7
a: Divine Energy, Renounce Religion


You were on level 9 of the Dungeon.
You worshipped Sif Muna.
Sif Muna was aware of your devotion.
You were very full.

You visited 1 branch of the dungeon, and saw 9 of its levels.

You collected 527 gold pieces.
You spent 148 gold pieces at shops.

Inventory:

Hand Weapons
 l - a +1 long sword (weapon)
Armour
 e - a +0 pair of boots (worn)
 m - a +0 helmet (worn)
 p - a +0 leather armour
 s - a +0 cloak (worn)
 t - the +1 robe "Yxiwej" (worn) {Dex+2}
   (You bought it in a shop on level 6 of the Dungeon)

   It affects your dexterity (+2).
Jewellery
 g - a +5 ring of protection (left hand)
 u - an amulet of the gourmand (around neck)
Wands
 r - a wand of lightning (9/15)
Scrolls
 d - 2 scrolls of remove curse
 h - a scroll of fog
 n - a scroll of fear
 q - a scroll of identify
Books
 b - a Young Poisoner's Handbook

   Spells                             Type                      Level
   a - Sting                          Conjuration/Poison           1
   b - Mephitic Cloud                 Conjuration/Poison/Air       3
   c - Olgreb's Toxic Radiance        Poison                       4
   d - Alistair's Intoxication        Transmutation/Poison         5
   e - Venom Bolt                     Conjuration/Poison           5
Comestibles
 c - 6 bread rations
 f - 2 meat rations
 i - a beef jerky
 j - a royal jelly
 k - 2 fruits
 o - a slice of pizza


   Skills:
 + Level 5.3 Fighting
 - Level 0.1 Long Blades
 + Level 4.9 Dodging
 + Level 6.7 Stealth
 * Level 7.3 Spellcasting
 * Level 7.9 Conjurations
 * Level 6.2 Air Magic
 * Level 8.4 Poison Magic


You had 10 spell levels left.
You knew the following spells:

 Your Spells              Type           Power        Failure   Level  Hunger
a - Sting                 Conj/Pois      ####         1%          1    None
b - Mephitic Cloud        Conj/Pois/Air  ####....     1%          3    #......
c - Olgreb's Toxic Radia  Pois           #####...     3%          4    ###....
d - Venom Bolt            Conj/Pois      #####.....   12%         5    #####..


Dungeon Overview and Level Annotations

Branches:
Dungeon (9/15)             Temple (0/1) D:6
   Lair: D:8-11         Orc: D:9-12

Altars:
Ashenzari
Cheibriados
Dithmenos
Elyvilon
Fedhas
Kikubaaqudgha
Ru
Sif Muna
Trog
Uskayaw
Zin
The Shining One

Shops:
D:6 }*:

Annotations:
D:8 Grum; demenzo's ghost, novice GrEE


Innate Abilities, Weirdness & Mutations

You are resistant to torment.
Your stone body is resilient. (AC +7)
You are immune to poison.
You resist negative energy. (rN+)
You are resistant to electric shocks. (rElec)
You can survive without breathing.
You are immune to petrification.
You are immune to rotting.
Your mind is acute. (Int +2)
You are frail. (-10% HP)


Message History

The hornet is lightly wounded.
The hornet closely misses you. The hornet misses you.
You riposte.
You barely miss the hornet.
The hornet is lightly wounded.
You closely miss the hornet.
The hornet is lightly wounded.
The hornet stings you.
* * * LOW HITPOINT WARNING * * *
The hornet stings you!
* * * LOW HITPOINT WARNING * * *
Casting: Sting
Confirm with . or Enter, or press ? or * to list all spells.
Aiming: Mephitic Cloud
Press: ? - help, Shift-Dir - straight line, f - yak
Aim: a yak (heavily wounded, confused)
The ball explodes into a vile cloud!
The stinking cloud engulfs the yak.
The yak is heavily wounded.
The stinking cloud engulfs the hornet.
The stinking cloud engulfs you! The hornet stings you.
You die...

### #..# .
#..# .# #..#
$.# ##.)##
...#
#...<##†.<.#
#(!†....###
#.§§§##.....
#(@Y....####
#$y§§####
#(...#
######


You could see a yak (confused) and a hornet.

Vanquished Creatures
  The ghost of tself55 the Conjurer, a novice DgAE (D:7)
  Joseph (D:9)
  A centaur skeleton (D:6)
  A hippogriff (D:8)
  Sigmund (D:2)
  A wyvern (D:8)
  4 yaks (D:9)
  2 ice beasts
  Duvessa (D:4)
  A black bear (D:9)
  A necrophage (D:8)
  A sky beast (D:7)
  A phantom (D:5)
  3 ogres
  3 centaurs
  A gnoll sergeant (D:7)
  5 bullfrogs
  Dowan (D:4)
  4 scorpions
  4 killer bees (D:6)
  A howler monkey (D:5)
  A bullfrog zombie (D:8)
  2 crimson imps
  3 jellies
  4 orc priests
  4 hounds
  9 orc wizards
  A bullfrog skeleton (D:7)
  2 iguanas
  3 worker ants
  A killer bee zombie (D:6)
  Robin (D:2)
  2 worker ant zombies (D:5)
  12 gnolls
  7 adders
  2 shadow imps
  2 oozes
  An adder zombie (D:6)
  8 worms
  2 dart slugs (D:1)
  7 leopard geckos
  18 orcs
  3 giant cockroaches
  8 hobgoblins
  2 jackals (D:9)
  6 kobolds
  3 quokkas
  3 ball pythons
  9 bats
  6 frilled lizards
  17 goblins
  A leopard gecko zombie (D:8)
  5 rats
194 creatures vanquished.

Vanquished Creatures (collateral kills)
  A killer bee (D:6)
1 creature vanquished.

Grand Total: 195 creatures vanquished

Notes
Turn   | Place    | Note
-------+----------+-------------------------------------------
     0 | D:1      | JeffiDaFish the Gargoyle Venom Mage began the quest for the Orb.
     0 | D:1      | Reached XP level 1. HP: 10/10 MP: 3/3
   313 | D:1      | Reached XP level 2. HP: 14/15 MP: 1/5
   801 | D:2      | Reached XP level 3. HP: 16/19 MP: 4/6
   806 | D:2      | Learned a level 3 spell: Mephitic Cloud
   978 | D:2      | Noticed Robin
   989 | D:2      | Killed Robin
   992 | D:2      | Reached XP level 4. HP: 24/24 MP: 4/7
  1389 | D:2      | Noticed Sigmund
  1410 | D:2      | HP: 1/24 [something (1)]
  1425 | D:2      | Killed Sigmund
  1425 | D:2      | Reached skill level 1 in Fighting
  1425 | D:2      | Reached skill level 1 in Conjurations
  1425 | D:2      | Reached skill level 1 in Air Magic
  1425 | D:2      | Reached XP level 5. HP: 25/29 MP: 1/9
  1425 | D:2      | Reached XP level 6. HP: 29/34 MP: 1/10
  1473 | D:2      | Found a sacrificial altar of Ru.
  1902 | D:3      | Learned a level 4 spell: Olgreb's Toxic Radiance
  2041 | D:3      | Found a faded altar of an unknown god.
  2041 | D:3      | Found a faded altar of an unknown god.
  2046 | D:3      | Found an ancient bone altar of Kikubaaqudgha.
  2048 | D:3      | Found a faded altar of an unknown god.
  2049 | D:3      | Found a faded altar of an unknown god.
  2127 | D:4      | Found a hide-covered altar of Uskayaw.
  2127 | D:4      | Noticed a dagger
  2127 | D:4      | Noticed a dagger
  2174 | D:4      | Noticed Duvessa
  2174 | D:4      | Noticed Dowan
  2193 | D:4      | Killed Dowan
  2197 | D:4      | HP: 1/34 [Duvessa/short sword (12)]
  2214 | D:4      | Killed Duvessa
  2214 | D:4      | Reached skill level 5 in Poison Magic
  2214 | D:4      | Reached XP level 7. HP: 10/38 MP: 0/12
  2594 | D:4      | HP: 1/38 [ice beast (11)]
  2994 | D:4      | Found a shadowy altar of Dithmenos.
  3094 | D:4      | Found a shadowy altar of Dithmenos.
  3153 | D:4      | Found a snail-covered altar of Cheibriados.
  3154 | D:4      | Found a white marble altar of Elyvilon.
  3220 | D:5      | Entered Level 5 of the Dungeon
  3539 | D:5      | Reached XP level 8. HP: 38/44 MP: 14/14
  4173 | D:6      | Gained mutation: Your mind is acute. (Int +2) [potion of mutation]
  4173 | D:6      | Gained mutation: You are frail. (-10% HP) [potion of mutation]
  4180 | D:6      | Noticed a moth of wrath
  4200 | D:6      | Found a bloodstained altar of Trog.
  4265 | D:6      | Found a glowing silver altar of Zin.
  4284 | D:6      | Found a staircase to the Ecumenical Temple.
  4285 | D:6      | Found Wyimiwn's Book Emporium.
  4285 | D:6      | Found a glowing golden altar of the Shining One.
  4336 | D:6      | Found Fiuguav's Assorted Antiques.
  4361 | D:6      | Bought a dull robe for 148 gold pieces
  4371 | D:6      | Identified the cursed +1 robe "Yxiwej" {Dex+2} (You bought it in a shop on level 6 of the Dungeon)
  4458 | D:6      | Reached skill level 5 in Air Magic
  4458 | D:6      | Reached skill level 7 in Poison Magic
  4458 | D:6      | Reached XP level 9. HP: 46/46 MP: 14/18
  4492 | D:6      | Found Idwa's Gadget Boutique.
  4641 | D:6      | Found a deep blue altar of Sif Muna.
  4678 | D:6      | Became a worshipper of Sif Muna the Loreminder
  5146 | D:6      | Reached skill level 8 in Poison Magic
  5389 | D:7      | Found a shattered altar of Ashenzari.
  5398 | D:7      | Reached XP level 10. HP: 51/52 MP: 20/20
  5495 | D:7      | Learned a level 5 spell: Venom Bolt
  5535 | D:7      | Noticed tself55's ghost (novice DgAE)
  5584 | D:7      | Killed tself55's ghost
  5584 | D:7      | Reached skill level 5 in Fighting
  5816 | D:7      | Found a blossoming altar of Fedhas.
  6009 | D:7      | Reached * piety under Sif Muna
  6638 | D:8      | Noticed Grum
  6639 | D:8      | Noticed demenzo's ghost (novice GrEE)
  7608 | D:9      | Noticed Joseph
  7650 | D:9      | Killed Joseph
  7666 | D:9      | HP: 1/53 [hornet (10)]
  7667 | D:9      | Slain by a hornet

Skill      XL: |  1  2  3  4  5  6  7  8  9 10 |
---------------+-------------------------------+-----
Fighting       | 1 2 4 5 |  5.3
Dodging        | 2 4 |  4.9
Stealth        | 3 4 6 |  6.7
Spellcasting   | 3 4 6 7 |  7.3
Conjurations   | 1 2 3 6 7 |  7.9
Air Magic      | 1 2 5 6 |  6.2
Poison Magic   | 5 7 8 |  8.4
Long Blades    | |  0.1

Action                   |  1- 3 |  4- 6 |  7- 9 | 10-12 || total
-------------------------+-------+-------+-------+-------++-------
Melee: Dagger            |    30 |       |       |       ||    30
       Long sword        |    22 |   133 |   317 |   322 ||   794
 Cast: Sting             |    16 |    18 |     6 |     5 ||    45
       Mephitic Cloud    |       |    13 |    16 |    27 ||    56
       Olgreb's Toxic Ra |       |       |     2 |     2 ||     4
  Use: Scroll            |     5 |     3 |     4 |     3 ||    15
       Potion            |     5 |     3 |     4 |     3 ||    15
 Stab: Sleeping          |     3 |     5 |     5 |     1 ||    14
       Distracted        |     1 |       |     1 |     1 ||     3
       Confused          |       |     4 |     8 |    16 ||    28
  Eat: Chunk             |     1 |     5 |    13 |    16 ||    35
       Royal jelly       |       |       |       |     1 ||     1
       Fruit             |       |       |       |     1 ||     1
Armor: Robe              |    19 |    50 |   114 |   172 ||   355
       Leather armour    |       |       |    26 |       ||    26
Dodge: Dodged            |    31 |    74 |   271 |   279 ||   655
       Rpst.: Long sword |     4 |    18 |    84 |    76 ||   182
